 Dungeon Crawl Stone Soup version 0.30-b1-2-g02819fbbbe (webtiles) character file.

Game seed: 1966564294357370367

30 onononon the Stinger (level 3, -1/21 HPs)
             Began as an Octopode Venom Mage on May 7, 2023.
             Slain by a worm (6 damage)
             ... on level 2 of the Dungeon.
             The game lasted 00:04:55 (1434 turns).

onononon the Stinger (Octopode Venom Mage)          Turns: 1434, Time: 00:04:56

Health: -1/21      AC:  1    Str:  7    XL:     3   Next: 18%
Magic:  1/6        EV: 13    Int: 19    God:
Gold:   64         SH:  0    Dex: 18    Spells: 3/6 levels left

rFire   + . .        (no weapon)
rCold   + . .        (no shield)
rNeg    . . .        (helmet restricted)
rPois   +            (no amulet)
rElec   +            h - +6 ring of dexterity
rCorr   +            g - ring of resist corrosion
SInv    .            (no ring)
Will    .....        (no ring)
Stlth   ++++         (no ring)
HPRegen 0.23/turn    (no ring)
MPRegen 0.10/turn    (no ring)
                     (no ring)

%: no passive effects
@: resistant, attractive
A: almost no armour, amphibious, 8 rings, camouflage 1, gelatinous body 1,
(nimble swimmer 1), tentacles
a: no special abilities


You were on level 2 of the Dungeon.
You visited 1 branch of the dungeon, and saw 2 of its levels.

You collected 64 gold pieces.

Inventory:

Jewellery
 g - a ring of resist corrosion (right tentacle)
 h - a +6 ring of dexterity (left tentacle)
Potions
 a - a potion of magic
 e - a potion of curing


   Skills:
 + Level 2.0 Dodging
 + Level 3.3 Stealth
 + Level 2.3 Spellcasting
 * Level 1.4 Transmutations
 + Level 0.1 Air Magic
 + Level 4.1 Poison Magic


You had 3 spell levels left.
You knew the following spells:

 Your Spells              Type           Power      Damage    Failure   Level
a - Sting                 Tmut/Pois      48%        1d5       5%          1
b - Poisonous Vapours     Pois/Air       20%        N/A       11%         2

Your spell library contained the following spells:

 Spells                   Type           Power      Damage    Failure   Level
 Beastly Appendage        Tmut           14%        N/A       9%          1
 Wereblood                Tmut           7%         N/A       14%         2
 Spider Form              Tmut/Pois      12%        N/A       16%         3
 Mephitic Cloud           Conj/Pois/Air  7%         N/A       26%         3
 Olgreb's Toxic Radiance  Pois           18%        N/A       30%         4


Dungeon Overview and Level Annotations

Branches:
Dungeon (2/15)

Altars:


Innate Abilities, Weirdness & Mutations

You cannot wear most types of armour.
You are amphibious.
You can wear up to eight rings at the same time.
Your skin changes colour to match your surroundings (Stealth+).
Your rubbery body absorbs attacks. (AC +1, EV +1)
((You are camouflaged when in or above water. (Stealth+)))
You have tentacles for arms and can constrict up to eight enemies at once.


Message History

Press: ? - help, Dir - move target, f/p - worm
Aim: a worm (moderately wounded, very poisoned, about 21% to evade your tentacles)
Okay, then.
You see here a +0 dagger.
The worm is attracted toward you. The worm is attracted toward you.
The worm is attracted toward you. The worm is attracted toward you.
As you read the scroll of fear, it crumbles to dust.
You assume a fearsome visage.
The worm looks frightened!
The worm is attracted toward you.
Casting: Sting (safe; 5% risk of failure)
Confirm with . or Enter, or press ? or * to list all spells.
Aiming: Poisonous Vapours (safe; 11% risk of failure)
Press: ? - help, Dir - move target, f/p - worm
Aim: a worm (fleeing, poisoned) Poisonous vapours surround the worm!
The worm looks even sicker.
Your attack snaps the worm out of its fear.
The worm bites you.
Casting: Poisonous Vapours (safe; 11% risk of failure)
Confirm with . or Enter, or press ? or * to list all spells.
Aiming: Sting (safe; 5% risk of failure)
Press: ? - help, Shift-Dir - straight line, f/p - worm
Aim: a worm (very poisoned, 90% to hit)
The sting hits the worm.
The worm looks even sicker.
The worm is lightly wounded.
The worm is attracted toward you.
Casting: Sting (safe; 5% risk of failure)
Confirm with . or Enter, or press ? or * to list all spells.
Aiming: Sting (safe; 5% risk of failure)
Press: ? - help, Shift-Dir - straight line, f/p - worm
Aim: a worm (lightly wounded, very poisoned, 90% to hit)
The sting hits the worm.
The worm looks as sick as possible!
The worm is heavily wounded.
The worm bites you.
* * * LOW HITPOINT WARNING * * *
You barely miss the worm. You grab the worm.
The worm is heavily wounded.
You constrict the worm. The worm bites you.
You die...

#.. #.# # #.# # #.#
#.##§##.# #.# #.......#
###.# ####§#### ####.#.###
#.####### . .........#
#.......#
...###...#.#########...#.#
.........@w§.......)......
..###...#.#########...#.#
##.##.# ##.## #
#.####.##.# ## #.........#
#+# ######.#### #.# #.#
####.# ######.# .....##
#......#


You could see a worm (extremely poisoned).

Vanquished Creatures
  An adder (D:2)
  A ball python (D:1)
  2 bats
  2 endoplasms (D:1)
  3 giant cockroaches
  5 frilled lizards (D:1)
  A goblin (D:2)
  4 kobolds
  2 rats
21 creatures vanquished.

Notes
Turn   | Place    | Note
-------+----------+-------------------------------------------
     0 | D:1      | onononon the Octopode Venom Mage began the quest for the
                  | Orb.
     0 | D:1      | Reached XP level 1. HP: 11/11 MP: 3/3
   535 | D:1      | Reached XP level 2. HP: 12/17 MP: 0/5
   746 | D:1      | Reached skill level 4 in Poison Magic
   978 | D:2      | Learned a level 2 spell: Poisonous Vapours
  1346 | D:2      | Reached XP level 3. HP: 14/21 MP: 0/6
  1434 | D:2      | Slain by a worm

Illustrated notes

Levels and vault maps discovered:
D:1:      beargit_arrival_diablo_church, layout_rooms, hex_tiny, minivault_5
D:2:      layout_loops_corners

Skill      XL: |  1  2 |
---------------+-------+-----
Poison Magic   | 4 |  4.1
Stealth        | 3 |  3.3
Dodging        | |  2.0
Spellcasting   | |  2.3
Transmutations | |  1.4
Air Magic      | |  0.1

Action                     || total
---------------------------++-------
  Melee: Unarmed           ||     6
         Constrict         ||     3
         Tentacles         ||     1
   Cast: Sting             ||    37
         Poisonous Vapours ||     8
    Use: Scroll            ||     3
         Potion            ||     3
 Armour: Skin              ||     3
  Dodge: Dodged            ||    12
